TOP OF THE 1ST |
San Diego Smashers batting - Pitching for Moose Jaw Ghostbusters : RHP Rien Middelkamp
|
Pitching: RHP Rien Middelkamp
|
|
Batting: LHB Michael Myers
|
0-0: Ball 1-0: Foul Ball, location: 2F 1-1: Foul Ball, location: 2F 1-2: Ball 2-2: SINGLE (Groundball, 56D)
|
Batting: LHB Richard Brooks
|
0-0: Ball 1-0: Foul Ball, location: 2F 1-1: Ball 2-1: Ball 3-1: Base on Balls Michael Myers to second
|
Batting: LHB Arthur MacDonald
|
0-0: Ball 1-0: Called Strike 1-1: 3-RUN HOME RUN (Flyball, 8RXD), Distance : 407 ft
|
Batting: RHB Jake Reeves
|
0-0: Foul Ball, location: 2F 0-1: Foul Ball, location: 2F 0-2: Ball 1-2: Strikes out looking
|
Batting: LHB Ethan Shaw
|
0-0: Foul Ball, location: 2F 0-1: DOUBLE (Line Drive, 9LS)
|
Batting: RHB Ray Rogers
|
0-0: Called Strike 0-1: Ball 1-1: Fly out, F2 (Popup, 2L)
|
Batting: RHB John Nelson
|
0-0: Called Strike 0-1: Foul Ball, location: 2F 0-2: Strikes out swinging
|
Top of the 1st over - 3 run(s), 3 hit(s), 0 error(s), 1 left on base; San Diego 3 - Moose Jaw 0 |
BOTTOM OF THE 1ST |
Moose Jaw Ghostbusters batting - Pitching for San Diego Smashers : RHP Guillermo Martínez
|
Pitching: RHP Guillermo Martínez
|
|
Batting: LHB David Adams
|
0-0: Called Strike 0-1: Ball 1-1: Ball 2-1: Swinging Strike 2-2: Foul Ball, location: 2F 2-2: Foul Ball, location: 2F 2-2: Fly out, F7 (Flyball, 7S)
|
Batting: LHB Jon Scott
|
0-0: Ball 1-0: Ball 2-0: Ball 3-0: Called Strike 3-1: SINGLE (Line Drive, 8RS)
|
Batting: RHB Ron Elazar
|
0-0: Ball 1-0: Called Strike 1-1: Ball 2-1: Ball 3-1: Foul Ball, location: 2F 3-2: Strikes out swinging Jon Scott is caught stealing 2nd base Batter strikes out.
|
Bottom of the 1st over - 0 run(s), 1 hit(s), 0 error(s), 0 left on base; San Diego 3 - Moose Jaw 0 |
TOP OF THE 2ND |
San Diego Smashers batting - Pitching for Moose Jaw Ghostbusters : RHP Rien Middelkamp
|
Batting: LHB Gonzalo Benítez
|
0-0: Called Strike 0-1: Ground out 4-3 (Groundball, 4)
|
Batting: RHB Dave King
|
0-0: Ground out 4-3 (Groundball, 4)
|
Batting: LHB Michael Myers
|
0-0: Ball 1-0: Ball 2-0: Ball 3-0: Base on Balls
|
Batting: LHB Richard Brooks
|
0-0: Called Strike 0-1: Ball 1-1: Called Strike 1-2: Foul Ball, location: 2F Pickoff Throw to First - Out!
|
Top of the 2nd over - 0 run(s), 0 hit(s), 0 error(s), 0 left on base; San Diego 3 - Moose Jaw 0 |
BOTTOM OF THE 2ND |
Moose Jaw Ghostbusters batting - Pitching for San Diego Smashers : RHP Guillermo Martínez
|
Batting: LHB Raúl Casillán
|
0-0: Ball 1-0: Ball 2-0: Called Strike 2-1: Ball 3-1: Swinging Strike 3-2: Foul Ball, location: 2F 3-2: Base on Balls
|
Batting: LHB Will Vale
|
0-0: Called Strike 0-1: Called Strike 0-2: Foul Ball, location: 2F 0-2: Ball 1-2: Ball 2-2: Grounds into double play, 4-6-3 (Groundball, 4)
|
Batting: SHB Rafael Acosta
|
0-0: Called Strike 0-1: Ball 1-1: Swinging Strike 1-2: Ball 2-2: Foul Ball, location: 2F 2-2: Foul Ball, location: 2F 2-2: Strikes out swinging
|
Bottom of the 2nd over - 0 run(s), 0 hit(s), 0 error(s), 0 left on base; San Diego 3 - Moose Jaw 0 |
TOP OF THE 3RD |
San Diego Smashers batting - Pitching for Moose Jaw Ghostbusters : RHP Rien Middelkamp
|
Batting: LHB Richard Brooks
|
0-0: Ball 1-0: Ball 2-0: Called Strike 2-1: Ball 3-1: Base on Balls
|
Batting: LHB Arthur MacDonald
|
0-0: Ball 1-0: Called Strike 1-1: Ball 2-1: Swinging Strike 2-2: Ball 3-2: Strikes out swinging
|
Batting: RHB Jake Reeves
|
0-0: Ball 1-0: 2-RUN HOME RUN (Flyball, 7LD), Distance : 346 ft
|
Batting: LHB Ethan Shaw
|
0-0: Called Strike 0-1: Ball 1-1: SINGLE (Groundball, 56D)
|
Batting: RHB Ray Rogers
|
0-0: Ball 1-0: Foul Ball, location: 2F 1-1: Ball 2-1: SINGLE (Groundball, 34D) Ethan Shaw to second Runner from 2nd tries for 3rd, SAFE, no throw
|
Batting: RHB John Nelson
|
0-0: Ball 1-0: Ball 2-0: Ball 3-0: Base on Balls Ray Rogers to second
|
Batting: LHB Gonzalo Benítez
|
0-0: Ball 1-0: SINGLE (Groundball, 34) (infield hit) Ethan Shaw scores Ray Rogers to third John Nelson to second
|
Batting: RHB Dave King
|
0-0: Ball 1-0: Called Strike 1-1: Foul Ball, location: 2F 1-2: Ball 2-2: Foul Ball, location: 2F 2-2: Strikes out swinging
|
Batting: LHB Michael Myers
|
0-0: Ball 1-0: Ball 2-0: Swinging Strike 2-1: Ball 3-1: Base on Balls Ray Rogers scores John Nelson to third Gonzalo Benítez to second
|
Batting: LHB Richard Brooks
|
0-0: Ball 1-0: Swinging Strike 1-1: Foul Ball, location: 2F 1-2: Strikes out looking
|
Top of the 3rd over - 4 run(s), 4 hit(s), 0 error(s), 3 left on base; San Diego 7 - Moose Jaw 0 |
BOTTOM OF THE 3RD |
Moose Jaw Ghostbusters batting - Pitching for San Diego Smashers : RHP Guillermo Martínez
|
Batting: RHB Aaron Murray
|
0-0: Ball 1-0: Fly out, F9 (Flyball, 9)
|
Batting: RHB Shawn Bane
|
0-0: Ball 1-0: Called Strike 1-1: Called Strike 1-2: SINGLE (Groundball, 56D)
|
Batting: LHB Francisco Cardenas
|
0-0: Ball 1-0: Ball 2-0: Ball 3-0: Base on Balls Shawn Bane to second
|
Batting: LHB David Adams
|
0-0: Foul Ball, location: 2F 0-1: Swinging Strike 0-2: Ball 1-2: Strikes out swinging
|
Batting: LHB Jon Scott
|
0-0: Called Strike 0-1: Swinging Strike 0-2: Ball 1-2: Ground out 3-1 (Groundball, 34)
|
Bottom of the 3rd over - 0 run(s), 1 hit(s), 0 error(s), 2 left on base; San Diego 7 - Moose Jaw 0 |
TOP OF THE 4TH |
San Diego Smashers batting - Pitching for Moose Jaw Ghostbusters : RHP Rien Middelkamp
|
Batting: LHB Arthur MacDonald
|
0-0: Ball 1-0: Ball 2-0: Called Strike 2-1: Foul Ball, location: 2F 2-2: Foul Ball, location: 2F 2-2: Ball 3-2: Base on Balls
|
Batting: RHB Jake Reeves
|
0-0: Ball 1-0: Called Strike 1-1: Foul Ball, location: 2F 1-2: Strikes out swinging
|
Batting: LHB Ethan Shaw
|
0-0: Called Strike 0-1: Ball 1-1: Ball 2-1: 2-RUN HOME RUN (Flyball, 9LD), Distance : 331 ft
|
Batting: RHB Ray Rogers
|
0-0: Foul Ball, location: 2F 0-1: Ball 1-1: Ball 2-1: Fly out, F7 (Flyball, 7LMF)
|
Batting: RHB John Nelson
|
0-0: Called Strike 0-1: SINGLE (Line Drive, 34D)
|
Batting: LHB Gonzalo Benítez
|
0-0: Called Strike 0-1: Ball 1-1: Called Strike 1-2: Ground out 3-1 (Groundball, 34)
|
Top of the 4th over - 2 run(s), 2 hit(s), 0 error(s), 1 left on base; San Diego 9 - Moose Jaw 0 |
BOTTOM OF THE 4TH |
Moose Jaw Ghostbusters batting - Pitching for San Diego Smashers : RHP Guillermo Martínez
|
Batting: RHB Ron Elazar
|
0-0: Called Strike 0-1: Foul Ball, location: 2F 0-2: Strikes out swinging
|
Batting: LHB Raúl Casillán
|
0-0: Foul Ball, location: 2F 0-1: Foul Ball, location: 2F 0-2: Fly out, F3 (Line Drive, 34S)
|
Batting: LHB Will Vale
|
0-0: Swinging Strike 0-1: Ball 1-1: Ball 2-1: SINGLE (Flyball, 78S)
|
Batting: SHB Rafael Acosta
|
0-0: Ball 1-0: Called Strike 1-1: Ball 2-1: Ball 3-1: Base on Balls Will Vale to second
|
Batting: RHB Aaron Murray
|
0-0: Ball 1-0: Foul Ball, location: 2F 1-1: Foul Ball, location: 2F 1-2: Foul Ball, location: 2F 1-2: Ball 2-2: Ball 3-2: Fly out, F8 (Line Drive, 8RM)
|
Bottom of the 4th over - 0 run(s), 1 hit(s), 0 error(s), 2 left on base; San Diego 9 - Moose Jaw 0 |
TOP OF THE 5TH |
San Diego Smashers batting - Pitching for Moose Jaw Ghostbusters : RHP Rien Middelkamp
|
Batting: RHB Dave King
|
0-0: Ground out 4-3 (Groundball, 4S)
|
Batting: LHB Michael Myers
|
0-0: Called Strike 0-1: Ball 1-1: Ball 2-1: Ball 3-1: Foul Ball, location: 2F 3-2: Foul Ball, location: 2F 3-2: SINGLE (Groundball, 4MD)
|
Batting: LHB Richard Brooks
|
0-0: Called Strike 0-1: Ball 1-1: Fielders Choice at 2nd, 3-6 (Groundball, 34)
|
Batting: LHB Arthur MacDonald
|
0-0: Ball 1-0: DOUBLE (Line Drive, 9LD) Richard Brooks to third Runner from 3rd tries for Home, SAFE, no throw
|
Batting: RHB Jake Reeves
|
0-0: Swinging Strike 0-1: Foul Ball, location: 2F 0-2: Ground out 5-3 (Groundball, 5)
|
Top of the 5th over - 1 run(s), 2 hit(s), 0 error(s), 1 left on base; San Diego 10 - Moose Jaw 0 |
BOTTOM OF THE 5TH |
Moose Jaw Ghostbusters batting - Pitching for San Diego Smashers : RHP Guillermo Martínez
|
Batting: RHB Shawn Bane
|
0-0: Ball 1-0: Called Strike 1-1: Foul Ball, location: 2F 1-2: Fly out, F8 (Flyball, 89S)
|
Batting: LHB Francisco Cardenas
|
0-0: SOLO HOME RUN (Line Drive, 89XD), Distance : 404 ft
|
Batting: LHB David Adams
|
0-0: Called Strike 0-1: Swinging Strike 0-2: Ball 1-2: Ball 2-2: Ball 3-2: Base on Balls
|
Batting: LHB Jon Scott
|
0-0: Called Strike 0-1: Ball 1-1: Ball 2-1: Ball 3-1: Base on Balls David Adams to second
|
Batting: RHB Ron Elazar
|
0-0: Ball 1-0: Called Strike 1-1: Fly out, F9 (Flyball, 89M)
|
Pitching: RHP Martin Miller
|
|
Batting: LHB Raúl Casillán
|
0-0: Ball 1-0: Called Strike 1-1: Ball 2-1: Foul Ball, location: 2F 2-2: Foul Ball, location: 2F 2-2: Ball 3-2: Ground out 4-3 (Groundball, 4)
|
Bottom of the 5th over - 1 run(s), 1 hit(s), 0 error(s), 2 left on base; San Diego 10 - Moose Jaw 1 |
TOP OF THE 6TH |
San Diego Smashers batting - Pitching for Moose Jaw Ghostbusters : RHP Rien Middelkamp
|
Batting: LHB Ethan Shaw
|
0-0: Ball 1-0: Called Strike 1-1: Foul Ball, location: 2F 1-2: Ball 2-2: Foul Ball, location: 2F 2-2: Ball 3-2: Foul Ball, location: 2F 3-2: DOUBLE (Groundball, 3L)
|
Batting: RHB Ray Rogers
|
0-0: Fly out, F9 (Flyball, 9S)
|
Batting: RHB John Nelson
|
0-0: Fly out, F9 (Flyball, 9LSF)
|
Batting: LHB Gonzalo Benítez
|
0-0: Ball 1-0: Foul Ball, location: 2F 1-1: Fly out, F8 (Flyball, 8LM)
|
Top of the 6th over - 0 run(s), 1 hit(s), 0 error(s), 1 left on base; San Diego 10 - Moose Jaw 1 |
BOTTOM OF THE 6TH |
Moose Jaw Ghostbusters batting - Pitching for San Diego Smashers : RHP Martin Miller
|
Batting: LHB Will Vale
|
0-0: Called Strike 0-1: Fly out, F7 (Line Drive, 78S)
|
Batting: SHB Rafael Acosta
|
0-0: Called Strike 0-1: Foul Ball, location: 2F 0-2: Foul Ball, location: 2F 0-2: Fly out, F7 (Flyball, 7)
|
Batting: RHB Aaron Murray
|
0-0: Ball 1-0: Called Strike 1-1: Ball 2-1: Ball 3-1: Fly out, F2 (Popup, 3S)
|
Bottom of the 6th over - 0 run(s), 0 hit(s), 0 error(s), 0 left on base; San Diego 10 - Moose Jaw 1 |
TOP OF THE 7TH |
San Diego Smashers batting - Pitching for Moose Jaw Ghostbusters : RHP Rien Middelkamp
|
Pitching: RHP Pancho Hernández
|
|
Batting: RHB Dave King
|
0-0: Called Strike 0-1: Ball 1-1: Ball 2-1: Foul Ball, location: 2F 2-2: Fly out, F8 (Flyball, 78M)
|
Batting: LHB Michael Myers
|
0-0: Foul Ball, location: 2F 0-1: SINGLE (Line Drive, 34D)
|
Batting: LHB Richard Brooks
|
0-0: Ball Michael Myers steals 2nd base 1-0: Foul Ball, location: 2F 1-1: Foul Ball, location: 2F 1-2: SINGLE (Line Drive, 7S) Michael Myers to third Runner from 3rd tries for Home, SAFE, no throw
|
Batting: LHB Arthur MacDonald
|
0-0: Ball 1-0: Foul Ball, location: 2F 1-1: Swinging Strike 1-2: Strikes out looking
|
Batting: RHB Jake Reeves
|
0-0: Called Strike 0-1: Ball 1-1: Called Strike Throwing error on steal attempt, E2 Richard Brooks to third 1-2: Foul Ball, location: 2F 1-2: Ball 2-2: Foul Ball, location: 2F 2-2: DOUBLE (Flyball, 78XD) Richard Brooks scores
|
Pinch Hitting: RHB Fred Ameris
|
0-0: Called Strike 0-1: Fly out, F8 (Flyball, 8LM)
|
Top of the 7th over - 2 run(s), 3 hit(s), 1 error(s), 1 left on base; San Diego 12 - Moose Jaw 1 |
BOTTOM OF THE 7TH |
Moose Jaw Ghostbusters batting - Pitching for San Diego Smashers : RHP Martin Miller
|
Now in LF: Manny Torrez
|
|
Batting: RHB Shawn Bane
|
0-0: Ball 1-0: Fly out, F5 (Popup, 56)
|
Batting: LHB Francisco Cardenas
|
0-0: Ball 1-0: Foul Ball, location: 2F 1-1: Foul Ball, location: 2F 1-2: Foul Ball, location: 2F 1-2: Ground out 3-1 (Groundball, 34D)
|
Batting: LHB David Adams
|
0-0: Called Strike 0-1: Swinging Strike 0-2: Ball 1-2: Foul Ball, location: 2F 1-2: Fly out, F8 (Flyball, 8RD)
|
Bottom of the 7th over - 0 run(s), 0 hit(s), 0 error(s), 0 left on base; San Diego 12 - Moose Jaw 1 |
TOP OF THE 8TH |
San Diego Smashers batting - Pitching for Moose Jaw Ghostbusters : RHP Pancho Hernández
|
Batting: RHB Ray Rogers
|
0-0: Ball 1-0: Ball 2-0: Foul Ball, location: 2F 2-1: Ground out 6-3 (Groundball, 6)
|
Batting: RHB John Nelson
|
0-0: Ball 1-0: Called Strike 1-1: SINGLE (Groundball, 4MD)
|
Batting: LHB Gonzalo Benítez
|
0-0: Ball 1-0: Called Strike 1-1: Hit by Pitch John Nelson to second
|
Batting: RHB Dave King
|
0-0: Foul Ball, location: 2F 0-1: Ball 1-1: Swinging Strike 1-2: Fly out, F8 (Flyball, 8LS)
|
Batting: LHB Michael Myers
|
0-0: Foul Ball, location: 2F 0-1: Ball 1-1: Ball 2-1: Foul Ball, location: 2F 2-2: SINGLE (Line Drive, 34) John Nelson to third Gonzalo Benítez to second
|
Batting: LHB Richard Brooks
|
0-0: Called Strike 0-1: Swinging Strike 0-2: Ball 1-2: Strikes out looking
|
Top of the 8th over - 0 run(s), 2 hit(s), 0 error(s), 3 left on base; San Diego 12 - Moose Jaw 1 |
BOTTOM OF THE 8TH |
Moose Jaw Ghostbusters batting - Pitching for San Diego Smashers : RHP Martin Miller
|
Batting: LHB Jon Scott
|
0-0: Called Strike 0-1: Ball 1-1: Ball 2-1: SINGLE (Line Drive, 8RS)
|
Batting: RHB Ron Elazar
|
0-0: Foul Ball, location: 2F 0-1: Ball 1-1: Ball 2-1: Foul Ball, location: 2F 2-2: Ball 3-2: Base on Balls Jon Scott to second
|
Batting: LHB Raúl Casillán
|
0-0: Ball 1-0: 3-RUN HOME RUN (Flyball, 8RXD), Distance : 423 ft
|
Pitching: RHP Rick Hernández
|
|
Batting: LHB Will Vale
|
0-0: Ball 1-0: Fly out, F8 (Flyball, 8LS)
|
Batting: SHB Rafael Acosta
|
0-0: SINGLE (Groundball, 13) (infield hit)
|
Batting: RHB Aaron Murray
|
0-0: Ball 1-0: Ball 2-0: Called Strike 2-1: Foul Ball, location: 2F 2-2: SINGLE (Groundball, 4D) Rafael Acosta to second Throwing error, E9 Rafael Acosta scores Aaron Murray to second
|
Batting: RHB Shawn Bane
|
0-0: Ball 1-0: Foul Ball, location: 2F 1-1: Ball 2-1: Ball 3-1: Foul Ball, location: 2F 3-2: Base on Balls
|
Batting: LHB Francisco Cardenas
|
0-0: Ball 1-0: Hit by Pitch Aaron Murray to third Shawn Bane to second
|
Batting: LHB David Adams
|
0-0: Foul Ball, location: 2F 0-1: Fly out, F7 (Flyball, 7LSF) Runner from 3rd tags up, SCORES, no throw
|
Pitching: LHP Mike Stevens
|
|
Batting: LHB Jon Scott
|
0-0: Called Strike 0-1: Called Strike 0-2: Ball 1-2: Ball 2-2: Ball 3-2: Fly out, F9 (Flyball, 9D)
|
Bottom of the 8th over - 5 run(s), 4 hit(s), 1 error(s), 2 left on base; San Diego 12 - Moose Jaw 6 |
TOP OF THE 9TH |
San Diego Smashers batting - Pitching for Moose Jaw Ghostbusters : RHP Pancho Hernández
|
Batting: LHB Arthur MacDonald
|
0-0: Ball 1-0: Ball 2-0: Ball 3-0: Base on Balls
|
Batting: RHB Jake Reeves
|
0-0: Grounds into double play, 6-4-3 (Groundball, 56)
|
Batting: RHB Manny Torrez
|
0-0: Ball 1-0: Called Strike 1-1: Ball 2-1: Called Strike 2-2: Ball 3-2: Base on Balls
|
Batting: RHB Ray Rogers
|
0-0: Called Strike Manny Torrez steals 2nd base 0-1: Foul Ball, location: 2F 0-2: Ball 1-2: Foul Ball, location: 2F 1-2: Strikes out swinging
|
Top of the 9th over - 0 run(s), 0 hit(s), 0 error(s), 1 left on base; San Diego 12 - Moose Jaw 6 |
BOTTOM OF THE 9TH |
Moose Jaw Ghostbusters batting - Pitching for San Diego Smashers : LHP Mike Stevens
|
Now at SS: Walt Rodgers
|
|
Batting: RHB Ron Elazar
|
0-0: Ball 1-0: Foul Ball, location: 2F 1-1: Foul Ball, location: 2F 1-2: Ball 2-2: Strikes out swinging
|
Batting: LHB Raúl Casillán
|
0-0: Ball 1-0: Called Strike 1-1: Called Strike 1-2: Ball 2-2: Foul Ball, location: 2F 2-2: Ball 3-2: Base on Balls
|
Batting: LHB Will Vale
|
0-0: Called Strike 0-1: DOUBLE (Flyball, 78D) Raúl Casillán to third
|
Batting: SHB Rafael Acosta
|
0-0: Ground out 1-3 (Groundball, 13)
|
Batting: RHB Aaron Murray
|
0-0: Called Strike 0-1: Ball 1-1: Ball 2-1: Called Strike 2-2: Ball 3-2: Foul Ball, location: 2F 3-2: Base on Balls
|
Batting: RHB Shawn Bane
|
0-0: Called Strike 0-1: Ball 1-1: Ball 2-1: Ball 3-1: Fielders Choice at 2nd, 6-4 (Groundball, 6)
|
Bottom of the 9th over - 0 run(s), 1 hit(s), 0 error(s), 2 left on base; San Diego 12 - Moose Jaw 6 |
|